Map: [ESL] Inside and Out

Players

Krystianer

  • Race: Protoss Protoss
  • Spawn Location: 7:00

AqueroN - Winner!

  • Race: Terran Terran
  • Spawn Location: 1:00

Event: DreamHack SC2 Masters 2022 Atlanta (Online)

VOD

Have the link to the VOD?

Description

Time

  • Played on: Oct. 9, 2022, 10:25 a.m.
  • Length: 6:09

All games in this series

Show
View Real Time Build Order
Export as new Build Order

Krystianer Protoss 

Build Orders: 1 Gate Expand, Oracle Opening 

Get SALT Encoding   

  12  0:00  Probe  
  13  0:12  Probe  
  14  0:16  Pylon  
  14  0:24  Probe (Chrono Boost)  
  16  0:36  Gateway, Probe (Chrono Boost)  
  16  0:42  Probe (Chrono Boost)  
  16  0:44  Assimilator  
  17  0:50  Probe  
  18  1:02  Probe  
  19  1:15  Probe  
  20  1:23  Cybernetics Core  
  20  1:33  Probe  
  20  1:34  Nexus  
  20  1:39  Pylon  
  21  1:45  Probe  
  22  1:47  Assimilator  
  22  1:56  Adept (Chrono Boost)  
  22  1:57  Probe  
  25  2:09  Probe  
  25  2:14  Stargate  
  26  2:16  Adept (Chrono Boost)  
  26  2:22  Probe  
  29  2:27  Warp Gate  
  29  2:34  Probe (Chrono Boost)  
  30  2:45  Adept, Probe (Chrono Boost)  
  34  2:52  Probe (Chrono Boost)  
  34  2:55  Probe (Chrono Boost)  
  36  2:59  Probe (Chrono Boost)  
  36  3:00  Probe (Chrono Boost)  
  36  3:02  Oracle (Chrono Boost)  
  40  3:10  Probe  
  40  3:12  Probe  
  42  3:18  Gateway  
  42  3:19  Gateway  
  40  3:31  Shield Battery  
  40  3:32  Probe, Gateway  
  40  3:33  Probe  
  41  3:41  Oracle (Chrono Boost)  
  39  3:44  Probe  
  39  3:45  Probe  
  44  3:50  Pylon  
  44  3:55  Pylon  
  44  3:56  Probe  
  44  3:57  Probe  
  46  4:08  Probe  
  47  4:10  Oracle  
  47  4:12  Assimilator  
  47  4:16  Stalker  
  51  4:17  Stalker  
  51  4:20  Zealot  
  55  4:29  Probe  
  55  4:30  Probe  
  51  4:42  Stalker  
  51  4:43  Zealot  
  51  4:44  Zealot  
  53  4:46  Zealot  
  43  5:06  Stalker x4  
  46  5:11  Pylon  
  36  5:30  Zealot x4  
  39  5:50  Stalker  
  39  5:51  Stalker x3  
Show
View Real Time Build Order
Export as new Build Order

AqueroN Terran - Winner!

Build Orders: 1/1/1, Cyclone Opening 

Get SALT Encoding   

  12  0:00  SCV  
  13  0:12  SCV  
  14  0:17  Supply Depot  
  14  0:24  SCV  
  15  0:39  SCV  
  15  0:41  Barracks  
  16  0:43  Refinery  
  16  0:51  SCV  
  16  0:52  Refinery  
  17  1:03  SCV  
  18  1:07  Supply Depot  
  18  1:15  SCV  
  19  1:28  Reaper, Orbital Command  
  20  1:41  Factory  
  20  1:53  Barracks  
  20  1:58  SCV  
  21  2:02  Barracks Reactor  
  21  2:10  SCV  
  22  2:22  SCV  
  23  2:25  Factory Tech Lab  
  23  2:27  Starport  
  23  2:34  SCV  
  24  2:38  Supply Depot  
  24  2:39  Marine x2  
  24  2:40  Marine  
  27  2:47  Cyclone  
  27  2:50  SCV  
  31  2:59  Marine x3  
  34  3:05  Supply Depot  
  34  3:13  Medivac  
  34  3:17  Marine x2  
  38  3:27  Siege Tank  
  38  3:29  Marine  
  38  3:33  Supply Depot  
  42  3:41  Marine x2  
  42  3:47  Marine  
  44  3:55  Viking  
  46  3:59  Marine x2  
  48  4:04  Siege Tank, Marine  
  52  4:12  Supply Depot  
  52  4:16  Marine  
  51  4:34  Marine  
  46  4:39  Marine x2  
  50  4:46  Liberator  
  50  4:52  Marine  
  51  4:57  Marine x2  
  47  5:07  Siege Tank  
  47  5:10  Marine  
  51  5:15  Marine x2  
  53  5:28  Marine  
  54  5:33  Marine x2  
  59  5:45  Marine  
  58  5:51  Marine x2  
Tags
 
Add a new tag
Caveats
  • Supply blocks, unpowered buildings, or Contaminate may cause inaccurate times.
  • Supply counts are checked every 10 seconds.